 Dungeon Crawl Stone Soup version 0.27-a0-765-ge4d627daa3 (webtiles) character file.

Game seed: 14496130619949499878

4298 sizableburger the Basher (level 10, -6/71 HPs)
             Began as a Human Hunter on Mar 25, 2021.
             Was an Initiate of Fedhas.
             Mangled by Crazy Yiuf
             ... wielding a +4 quarterstaff of chaos
              (10 damage)
             ... while paralysed by Crazy Yiuf
             ... on level 5 of the Dungeon.
             The game lasted 00:18:47 (7851 turns).

sizableburger the Basher (Human Hunter)             Turns: 7851, Time: 00:18:49

Health: -6/71      AC:  9    Str: 15    XL:     10   Next: 57%
Magic:  17/17      EV:  2    Int: 18    God:    Fedhas [......]
Gold:   244        SH:  0    Dex: 14    Spells: 9/9 levels left

rFire    . . .     SeeInvis .   f - +1 mace
rCold    . . .     Faith    .   (no shield)
rNeg     . . .     Spirit   .   q - +0 ring mail
rPois    .         Reflect  .   b - +0 helmet
rElec    .         Harm     .   m - +0 cloak
rCorr    .         Rampage  .   n - +0 pair of gloves
Will     .....                  (no boots)
Stlth    +.........             (no amulet)
HPRegen  0.21/turn              o - +6 ring of intelligence
MPRegen  0.15/turn              (no ring)

@: paralysed, lethally poisoned (-6 -> -9)
A: no striking features
a: Renounce Religion


You were on level 5 of the Dungeon.
You worshipped Fedhas.
Fedhas was noncommittal.
You visited 2 branches of the dungeon, and saw 7 of its levels.
You also visited: Sewer.

You collected 244 gold pieces.

Inventory:

Hand Weapons
 a - a +1 hand crossbow
 f - a +1 mace (weapon)
Missiles
 d - 52 bolts
 p - 29 poisoned darts (quivered)
Armour
 b - a +0 helmet (worn)
 m - a +0 cloak (worn)
 n - a +0 pair of gloves (worn)
 q - a +0 ring mail (worn)
Jewellery
 o - a +6 ring of intelligence (right hand)
Wands
 k - a wand of random effects (6)
Scrolls
 i - a scroll of torment
 j - 3 scrolls of fog
 s - a scroll of teleportation {unknown}
 t - a scroll of blinking {unknown}
Potions
 c - a potion of brilliance {unknown}
 e - 2 potions of heal wounds
 g - a potion of might
 u - a potion of haste {unknown}


   Skills:
 + Level 4.0 Fighting
 - Level 0.1 Short Blades
 - Level 13.7 Maces & Flails
 + Level 5.1 Crossbows
 - Level 2.0 Throwing
 + Level 3.0 Armour
 - Level 2.2 Dodging
 - Level 1.0 Stealth
 - Level 9.5 Invocations


You had 9 spell levels left.
You didn't know any spells.
Your spell library was empty.

Dungeon Overview and Level Annotations

Branches:
Dungeon (6/15)             Temple (1/1) D:6           Sewer (visited)

Altars:
Ashenzari
Cheibriados
Dithmenos
Elyvilon
Fedhas
Gozag
Kikubaaqudgha
Makhleb
Nemelex Xobeh
Okawaru
Qazlal
Ru
Sif Muna
Trog
Uskayaw
Vehumet
Xom
Yredelemnul
Zin

Annotations:
D:2 Sigmund
D:5 Crazy Yiuf


Message History

You feel sick.
Crazy Yiuf drinks a potion.
Crazy Yiuf is healed!
You hit Crazy Yiuf but do no damage.
Crazy Yiuf hits you with a +4 quarterstaff of chaos.
Crazy Yiuf burns you.
You hit Crazy Yiuf but do no damage.
You feel sick.
You sock Crazy Yiuf!
Crazy Yiuf is heavily wounded.
You feel sick.
You are no longer poisoned.
Crazy Yiuf barely misses you.
You hit Crazy Yiuf.
Crazy Yiuf is severely wounded.
Crazy Yiuf laughs, "Cards sizzlefizz illywillydillykilly!"
Crazy Yiuf hits you with a +4 quarterstaff of chaos.
You are poisoned.
You are too injured to fight recklessly!
You are too injured to fight recklessly!
You are too injured to fight recklessly!
You are too injured to fight recklessly!
You are too injured to fight recklessly!
You are too injured to fight recklessly!
Throw: 30 darts (poison)
Press: ? - help, Q - select action, (/) - cycle Shift-Dir - straight line, f - Crazy Yiuf
Aim: Crazy Yiuf, wielding a +4 quarterstaff of chaos and wearing a +2 cloak (severely wounded, 65% to hit)
You throw a poisoned dart. The poisoned dart hits Crazy Yiuf.
Crazy Yiuf is poisoned.
Crazy Yiuf is severely wounded.
You feel very sick.
Crazy Yiuf hits you with a +4 quarterstaff of chaos.
* * * LOW HITPOINT WARNING * * *
You suddenly lose the ability to move!
You feel sick.
Crazy Yiuf hits you with a +4 quarterstaff of chaos.
* * * LOW HITPOINT WARNING * * *
You feel sick.
Crazy Yiuf hits you with a +4 quarterstaff of chaos!
* * * LOW HITPOINT WARNING * * *
You are electrocuted!
You die...
Fedhas appreciates your contribution to the ecosystem.

*,,,,,,,,, *,,,,,,,,,
*,,,,,,,,, *,........
*,......., *,,......, ####♣♣
**### #,,,....,, ##....♣♣
♣♣#..)# #.###..#**
#......♣♣♣♣@g...# #...#..###
#.......♣..♣#...# **#......#
#.#....♣.♣♣♣**### **#....#
#.###♣♣♣♣♣ ##.... #.# ##...
#.# ### ###.#. #.# #.#
#...#. #.##############.#
####.#...
#................###....#...


You could see Crazy Yiuf (poisoned).

Vanquished Creatures
  An ice beast (D:5)
  A black bear (D:4)
  3 necrophages
  A wyvern skeleton (D:6)
  2 scorpions (D:4)
  A howler monkey (D:5)
  2 bullfrog zombies
  2 hounds
  A jelly (D:2)
  An orc priest (D:4)
  A bullfrog skeleton (D:5)
  Jessica (D:3)
  An orc wizard (D:5)
  3 worker ants
  A hound skeleton (D:4)
  A worker ant zombie (D:5)
  5 adders
  2 adder zombies (D:2)
  2 adder skeletons (D:2)
  A worm (D:2)
  3 dart slugs
  6 orcs
  9 ball pythons
  4 bats (D:1)
  4 endoplasms
  3 giant cockroaches
  9 hobgoblins
  20 jackals
  A quokka (D:1)
  9 frilled lizards
  8 goblins
  6 kobolds
  A quokka zombie (D:2)
  12 rats
128 creatures vanquished.

Vanquished Creatures (others)
  A withered plant (D:2)
1 creature vanquished.

Grand Total: 129 creatures vanquished

Notes
Turn   | Place    | Note
-------+----------+-------------------------------------------
     0 | D:1      | sizableburger the Human Hunter began the quest for the Orb.
     0 | D:1      | Reached XP level 1. HP: 16/16 MP: 1/1
   190 | D:1      | Reached XP level 2. HP: 21/22 MP: 2/2
   359 | D:1      | Reached skill level 1 in Maces & Flails
   571 | D:1      | Found a snail-covered altar of Cheibriados.
   702 | D:1      | Reached XP level 3. HP: 28/28 MP: 3/3
  1307 | D:2      | Noticed Sigmund
  1813 | D:1      | Reached XP level 4. HP: 35/35 MP: 4/4
  1837 | D:1      | Reached skill level 2 in Maces & Flails
  3204 | D:3      | Noticed Jessica
  3213 | D:3      | Killed Jessica
  3214 | D:3      | Reached XP level 5. HP: 31/41 MP: 5/5
  3379 | D:3      | Reached skill level 3 in Maces & Flails
  4135 | D:4      | Reached skill level 4 in Maces & Flails
  4135 | D:4      | Reached XP level 6. HP: 29/48 MP: 6/6
  4294 | D:4      | Reached skill level 1 in Armour
  4756 | D:4      | Found a glowing drain.
  4775 | Sewer    | Entered a sewer
  5603 | D:4      | Reached XP level 7. HP: 35/54 MP: 7/7
  5921 | D:4      | Reached skill level 5 in Maces & Flails
  6433 | D:5      | Entered Level 5 of the Dungeon
  6476 | D:5      | Reached XP level 8. HP: 42/60 MP: 8/8
  6663 | D:5      | Reached skill level 6 in Maces & Flails
  6663 | D:5      | Reached skill level 5 in Crossbows
  6679 | D:5      | Reached skill level 1 in Throwing
  6927 | D:6      | Found a radiant altar of Vehumet.
  6927 | D:6      | Found a shimmering blue altar of Sif Muna.
  6935 | D:6      | Found a faded altar of an unknown god.
  6938 | D:6      | Found a broken altar of Ashenzari.
  6940 | D:6      | Found a bloodstained altar of Trog.
  7186 | D:6      | Found a staircase to the Ecumenical Temple.
  7196 | Temple   | Entered the Ecumenical Temple
  7243 | Temple   | Became a worshipper of Fedhas Madash
  7438 | D:5      | Reached skill level 1 in Invocations
  7445 | D:5      | Reached skill level 10 in Maces & Flails
  7445 | D:5      | Reached XP level 9. HP: 21/65 MP: 8/16
  7499 | D:5      | Reached skill level 13 in Maces & Flails
  7499 | D:5      | Reached XP level 10. HP: 53/71 MP: 17/17
  7737 | D:5      | Found a runed translucent door.
  7738 | D:5      | Noticed Crazy Yiuf
  7849 | D:5      | Paralysed by Crazy Yiuf for 4 turns
  7851 | D:5      | Mangled by Crazy Yiuf

Illustrated notes

Levels and vault maps discovered:
D:1:      giann_wishing_wells, layout_basic, cheibriados_altar_1
D:2:      layout_rooms, serial_undead, serial_undead_f, serial_undead_c,
          serial_undead_b, serial_undead_a, uniq_sigmund
D:3:      layout_loops_corners, uniq_jessica
D:4:      layout_basic, gup_sewer_entry_bubbles
D:5:      layout_rooms, minivault_27, grunt_ministairs_4,
          uniq_crazy_yiuf_cottage
D:6:      layout_loops_cross, chequers_temple_overflow_minitemple,
          minmay_temple_entry_sparse_star, basic_altar,
          minmay_misc_feat_ornament
Temple:   regret_index_temple_waves

Skill      XL: |  1  2  3  4  5  6  7  8  9 10 |
---------------+-------------------------------+-----
Maces & Flails | 1 2 4 5 10 13 | 13.7
Fighting       | 3 4 |  4.0
Armour         | 2 3 |  3.0
Crossbows      | 5 |  5.1
Throwing       | 2 |  2.0
Invocations    | 9 |  9.5
Short Blades   | |  0.1
Dodging        | |  2.2
Stealth        | |  1.0

Action                   |  1- 3 |  4- 6 |  7- 9 | 10-12 || total
-------------------------+-------+-------+-------+-------++-------
Melee: Mace              |    87 |   243 |   122 |    24 ||   476
       Short sword       |     2 |       |       |       ||     2
 Fire: Hand crossbow     |    12 |    26 |       |       ||    38
Throw: Dart              |       |    14 |    14 |     1 ||    29
Evoke: Wand              |       |     2 |     1 |       ||     3
  Use: Potion            |     1 |     2 |     5 |       ||     8
       Scroll            |       |     7 |     3 |       ||    10
 Stab: Paralysed         |       |       |     6 |       ||     6
Armor: Leather armour    |    30 |    63 |       |       ||    93
       Ring mail         |       |    66 |    70 |     3 ||   139
Dodge: Dodged            |   104 |   213 |    71 |     9 ||   397

Table legend: (Time is in decaauts)
 A = Elapsed time spent in this place.
 B = Non-inter-level travel time spent in this place.
 C = Inter-level travel time spent in this place.
 D = Time resting spent in this place.
 E = Time spent auto-exploring this place.
 F = Levels seen in this place.
 G = Mean time per level.
                   A        B        C        D        E       F      G
               +--------+--------+--------+--------+--------+-----+--------+
         Total |   8052 |   7405 |    647 |   2699 |   3120 |   8 | 1006.5 |
       Dungeon |   7407 |   6782 |    625 |   2591 |   2826 |   6 | 1234.5 |
        Temple |    120 |     98 |     22 |      0 |     84 |   1 |  120.0 |
         Sewer |    524 |    524 |      0 |    108 |    210 |   1 |  524.0 |
               +--------+--------+--------+--------+--------+-----+--------+

Top non-repeatable levels by time:
     D:1: 2232 daAuts
     D:4: 1549 daAuts
     D:3: 1351 daAuts
     D:2: 984 daAuts
     D:5: 930 daAuts
   Sewer: 524 daAuts
     D:6: 359 daAuts
  Temple: 120 daAuts
